ITL
TUSCALOOSA TROUT SLAYERS @ WABA DUCKS
08/21/2027
 
TOP OF THE 1ST
Tuscaloosa Trout Slayers batting - Pitching for Waba Ducks : RHP Li-cong Sima
Pitching: RHP Li-cong Sima
Batting: RHB Lowie van den Bogaert 0-0: Ball
1-0: Ground out 1-3 (Groundball, P)
Batting: RHB Pat Fullerton 0-0: Ball
1-0: Foul Ball, location: 2F
1-1: Fly out, F7 (Flyball, 7)
Batting: LHB António Cedeño 0-0: Ball
1-0: Ground out 3-1 (Groundball, 34)
Top of the 1st over - 0 run(s), 0 hit(s), 0 error(s), 0 left on base; Tuscaloosa 0 - Waba 0
BOTTOM OF THE 1ST
Waba Ducks batting - Pitching for Tuscaloosa Trout Slayers : LHP José Acevedo
Pitching: LHP José Acevedo
Batting: RHB Kelly Graham 0-0: Ball
1-0: Ball
2-0: Ball
3-0: Base on Balls
Batting: RHB Pedro Molina 0-0: Ball
1-0: Called Strike
1-1: Swinging Strike
1-2: Ball
2-2: Foul Ball, location: 2F
2-2: Ball
3-2: DOUBLE (Line Drive, 78D)
Kelly Graham to third
Batting: RHB Mario López 0-0: Ball
1-0: Called Strike
1-1: Fly out, F8 (Flyball, 8RD)
Runner from 3rd tags up, SCORES, no throw
Batting: RHB Chris Osborn 0-0: Ball
1-0: Ball
2-0: Foul Ball, location: 2F
2-1: Foul Ball, location: 2F
2-2: Ball
3-2: Strikes out swinging
Batting: RHB Paul Spencer 0-0: Swinging Strike
0-1: Ball
1-1: Ball
2-1: Foul Ball, location: 2F
2-2: Ground out 6-3 (Groundball, 6S)
Bottom of the 1st over - 1 run(s), 1 hit(s), 0 error(s), 1 left on base; Tuscaloosa 0 - Waba 1
TOP OF THE 2ND
Tuscaloosa Trout Slayers batting - Pitching for Waba Ducks : RHP Li-cong Sima
Batting: RHB Ben Morton 0-0: Ball
1-0: Foul Ball, location: 2F
1-1: Foul Ball, location: 2F
1-2: Strikes out swinging
Batting: LHB Marcos Villarreal 0-0: Called Strike
0-1: Swinging Strike
0-2: Strikes out swinging
Batting: LHB Ed Hart 0-0: Ball
1-0: Called Strike
1-1: Fly out, F8 (Flyball, 8LS)
Top of the 2nd over - 0 run(s), 0 hit(s), 0 error(s), 0 left on base; Tuscaloosa 0 - Waba 1
BOTTOM OF THE 2ND
Waba Ducks batting - Pitching for Tuscaloosa Trout Slayers : LHP José Acevedo
Batting: RHB Jeremy Flemming 0-0: Called Strike
0-1: Called Strike
0-2: Foul Ball, location: 2F
0-2: Ground out 3-1 (Groundball, 34S)
Batting: RHB Ángelo García 0-0: Ball
1-0: Ball
2-0: Ball
3-0: Called Strike
3-1: Base on Balls
Batting: RHB Shaun Puckett Pickoff Throw to First - Out!
0-0: Ball
1-0: Ground out 4-3 (Groundball, 4)
Bottom of the 2nd over - 0 run(s), 0 hit(s), 0 error(s), 0 left on base; Tuscaloosa 0 - Waba 1
TOP OF THE 3RD
Tuscaloosa Trout Slayers batting - Pitching for Waba Ducks : RHP Li-cong Sima
Batting: RHB Jason Saunders 0-0: Called Strike
0-1: Ball
1-1: Foul Ball, location: 2F
1-2: Fly out, F6 (Popup, 6MD)
Batting: RHB Shigemasa Ishida 0-0: Called Strike
0-1: Ball
1-1: Ball
2-1: Ball
3-1: Base on Balls
Batting: RHB Tetsunori Ito 0-0: Ball
1-0: Ball
2-0: Foul Ball, location: 2F
2-1: Swinging Strike
2-2: Strikes out swinging
Batting: RHB Lowie van den Bogaert 0-0: Called Strike
0-1: Ball
1-1: Ball
2-1: DOUBLE (Line Drive, 89D)
Shigemasa Ishida to third
Runner from 3rd tries for Home, SAFE, no throw
Batting: RHB Pat Fullerton 0-0: Ball
1-0: Foul Ball, location: 2F
1-1: Called Strike
1-2: Strikes out swinging
Top of the 3rd over - 1 run(s), 1 hit(s), 0 error(s), 1 left on base; Tuscaloosa 1 - Waba 1
BOTTOM OF THE 3RD
Waba Ducks batting - Pitching for Tuscaloosa Trout Slayers : LHP José Acevedo
Batting: RHB António Valdéz 0-0: Ground out 6-3 (Groundball, 6)
Batting: RHB Kelly Graham 0-0: Called Strike
0-1: Fly out, F9 (Flyball, 9S)
Batting: RHB Pedro Molina 0-0: Called Strike
0-1: Ball
1-1: Ball
2-1: Ground out 6-3 (Groundball, 6)
Bottom of the 3rd over - 0 run(s), 0 hit(s), 0 error(s), 0 left on base; Tuscaloosa 1 - Waba 1
TOP OF THE 4TH
Tuscaloosa Trout Slayers batting - Pitching for Waba Ducks : RHP Li-cong Sima
Batting: LHB António Cedeño 0-0: Called Strike
0-1: Ball
1-1: Foul Ball, location: 2F
1-2: Strikes out swinging
Batting: RHB Ben Morton 0-0: Ball
1-0: Ball
2-0: Ball
3-0: SINGLE (Flyball, 4D)
Batting: LHB Marcos Villarreal 0-0: Ball
1-0: Called Strike
1-1: Ball
2-1: Ball
3-1: Base on Balls
Ben Morton to second
Batting: LHB Ed Hart 0-0: Called Strike
0-1: Ball
1-1: Called Strike
1-2: Grounds into double play, 4-6-3 (Groundball, 34)
Top of the 4th over - 0 run(s), 1 hit(s), 0 error(s), 1 left on base; Tuscaloosa 1 - Waba 1
BOTTOM OF THE 4TH
Waba Ducks batting - Pitching for Tuscaloosa Trout Slayers : LHP José Acevedo
Batting: RHB Mario López 0-0: Foul Ball, location: 2F
0-1: Foul Ball, location: 2F
0-2: SINGLE (Flyball, 8LS)
Batting: RHB Chris Osborn 0-0: Fielders Choice at 2nd, 4-6 (Groundball, 4M)
Batting: RHB Paul Spencer 0-0: Called Strike
0-1: Called Strike
0-2: Ball
1-2: Ball
2-2: Strikes out looking
Batting: RHB Jeremy Flemming 0-0: Called Strike
0-1: Ball
1-1: Foul Ball, location: 2F
1-2: Foul Ball, location: 2F
1-2: Strikes out swinging
Bottom of the 4th over - 0 run(s), 1 hit(s), 0 error(s), 1 left on base; Tuscaloosa 1 - Waba 1
TOP OF THE 5TH
Tuscaloosa Trout Slayers batting - Pitching for Waba Ducks : RHP Li-cong Sima
Batting: RHB Jason Saunders 0-0: Ball
1-0: Ball
2-0: Swinging Strike
2-1: Swinging Strike
2-2: Foul Ball, location: 2F
2-2: SINGLE (Groundball, 56D)
Batting: RHB Shigemasa Ishida 0-0: Fly out, F7 (Flyball, 7)
Batting: RHB Tetsunori Ito 0-0: Ball
Jason Saunders steals 2nd base
1-0: Ball
2-0: Ball
3-0: Fly out, F8 (Line Drive, 8RM)
Batting: RHB Lowie van den Bogaert 0-0: Ball
Wild Pitch!
Jason Saunders to third
1-0: Ball
2-0: Called Strike
2-1: Ball
3-1: Swinging Strike
3-2: Strikes out looking
Top of the 5th over - 0 run(s), 1 hit(s), 0 error(s), 1 left on base; Tuscaloosa 1 - Waba 1
BOTTOM OF THE 5TH
Waba Ducks batting - Pitching for Tuscaloosa Trout Slayers : LHP José Acevedo
Batting: RHB Ángelo García 0-0: Ball
1-0: Foul Ball, location: 2F
1-1: Called Strike
1-2: Strikes out looking
Batting: RHB Shaun Puckett 0-0: Foul Ball, location: 2F
0-1: Swinging Strike
0-2: Foul Ball, location: 2F
0-2: Ball
1-2: Ball
2-2: Ground out 5-3 (Groundball, 5)
Batting: RHB António Valdéz 0-0: Swinging Strike
0-1: Called Strike
0-2: Foul Ball, location: 2F
0-2: Strikes out looking
Bottom of the 5th over - 0 run(s), 0 hit(s), 0 error(s), 0 left on base; Tuscaloosa 1 - Waba 1
TOP OF THE 6TH
Tuscaloosa Trout Slayers batting - Pitching for Waba Ducks : RHP Li-cong Sima
Batting: RHB Pat Fullerton 0-0: Ball
1-0: Called Strike
1-1: SINGLE (Groundball, 56D)
Pitching: RHP José Rivera
Batting: LHB António Cedeño 0-0: Ball
1-0: Ball
2-0: Ball
3-0: Called Strike
3-1: Base on Balls
Pat Fullerton to second
Batting: RHB Ben Morton 0-0: SINGLE (Line Drive, 8LS)
Pat Fullerton to third
António Cedeño to second
Runner from 3rd tries for Home, SAFE, no throw
Batting: LHB Marcos Villarreal 0-0: Foul Ball, location: 2F
0-1: Foul Ball, location: 2F
0-2: Ball
1-2: Fielders Choice at 2nd, 1-6 (Groundball, 13S)
António Cedeño to third
Batting: LHB Ed Hart 0-0: Called Strike
0-1: Hit by Pitch
Marcos Villarreal to second
Batting: RHB Jason Saunders 0-0: Called Strike
0-1: Ball
1-1: Foul Ball, location: 2F
1-2: Strikes out swinging
Pitching: RHP John Dickson
Batting: RHB Shigemasa Ishida 0-0: Ball
1-0: Swinging Strike
1-1: Called Strike
1-2: Ball
2-2: Strikes out looking
Top of the 6th over - 1 run(s), 2 hit(s), 0 error(s), 3 left on base; Tuscaloosa 2 - Waba 1
BOTTOM OF THE 6TH
Waba Ducks batting - Pitching for Tuscaloosa Trout Slayers : LHP José Acevedo
Batting: RHB Kelly Graham 0-0: Swinging Strike
0-1: Ball
1-1: Ball
2-1: Swinging Strike
2-2: Ball
3-2: Base on Balls
Batting: RHB Pedro Molina 0-0: Ball
1-0: Ground out 5-3 (Groundball, 5)
Kelly Graham to second
Batting: RHB Mario López 0-0: Ball
1-0: Ball
2-0: Ground out 5-3 (Groundball, 5)
Batting: RHB Chris Osborn 0-0: Foul Ball, location: 2F
0-1: Called Strike
0-2: Foul Ball, location: 2F
0-2: Ball
1-2: Ground out 6-3 (Groundball, 6)
Bottom of the 6th over - 0 run(s), 0 hit(s), 0 error(s), 1 left on base; Tuscaloosa 2 - Waba 1
TOP OF THE 7TH
Tuscaloosa Trout Slayers batting - Pitching for Waba Ducks : RHP John Dickson
Batting: RHB Tetsunori Ito 0-0: Called Strike
0-1: Called Strike
0-2: Foul Ball, location: 2F
0-2: Ball
1-2: Strikes out swinging
Batting: RHB Lowie van den Bogaert 0-0: Swinging Strike
0-1: SINGLE (Line Drive, 8LM)
Pinch Hitting: LHB Robert Phillips 0-0: Ball
1-0: Swinging Strike
1-1: Ball
2-1: Fly out, F7 (Flyball, 78S)
Batting: LHB António Cedeño 0-0: SINGLE (Flyball, 78S)
Lowie van den Bogaert to second
Runner from 2nd tries for 3rd, SAFE, no throw
Batting: RHB Ben Morton 0-0: Called Strike
0-1: Foul Ball, location: 2F
0-2: Ball
1-2: Strikes out swinging
Top of the 7th over - 0 run(s), 2 hit(s), 0 error(s), 2 left on base; Tuscaloosa 2 - Waba 1
BOTTOM OF THE 7TH
Waba Ducks batting - Pitching for Tuscaloosa Trout Slayers : LHP José Acevedo
Now in RF: Robert Phillips
Batting: RHB Paul Spencer 0-0: Called Strike
0-1: Ball
1-1: Foul Ball, location: 2F
1-2: Foul Ball, location: 2F
1-2: Fly out, F8 (Flyball, 8RM)
Batting: RHB Jeremy Flemming 0-0: Swinging Strike
0-1: Foul Ball, location: 2F
0-2: Fly out, F7 (Flyball, 7LS)
Batting: RHB Ángelo García 0-0: Ball
1-0: Called Strike
1-1: Foul Ball, location: 2F
1-2: Strikes out swinging
Bottom of the 7th over - 0 run(s), 0 hit(s), 0 error(s), 0 left on base; Tuscaloosa 2 - Waba 1
TOP OF THE 8TH
Tuscaloosa Trout Slayers batting - Pitching for Waba Ducks : RHP John Dickson
Batting: LHB Marcos Villarreal 0-0: Fly out, F7 (Flyball, 7LSF)
Batting: LHB Ed Hart 0-0: Ball
1-0: Foul Ball, location: 2F
1-1: Ball
2-1: Ball
3-1: Base on Balls
Pinch Hitting: LHB Pat Zimmerman 0-0: Called Strike
0-1: SINGLE (Groundball, 34D)
Ed Hart to second
Runner from 2nd tries for 3rd, SAFE, throw made to third
Pinch Hitting: LHB Miguel Rosa 0-0: Ball
Pat Zimmerman steals 2nd base
1-0: Intentional Walk
Pinch Hitting: RHB José Fernández 0-0: Called Strike
0-1: Swinging Strike
0-2: Strikes out swinging
Batting: RHB Lowie van den Bogaert 0-0: Ball
1-0: Fly out, F9 (Flyball, 9LS)
Top of the 8th over - 0 run(s), 1 hit(s), 0 error(s), 3 left on base; Tuscaloosa 2 - Waba 1
BOTTOM OF THE 8TH
Waba Ducks batting - Pitching for Tuscaloosa Trout Slayers : LHP José Acevedo
Pitching: RHP Matt McGinnity
Now at 2B: José Ortega
Now at 3B: Tucker Thomas
Now at SS: Wilford Lush
Batting: RHB Shaun Puckett 0-0: Ball
1-0: Called Strike
1-1: Fly out, F4 (Popup, 34D)
Batting: RHB António Valdéz 0-0: Called Strike
0-1: Ball
1-1: Foul Ball, location: 2F
1-2: SINGLE (Flyball, 89S)
Batting: RHB Kelly Graham 0-0: Ball
1-0: Ball
2-0: Called Strike
2-1: Foul Ball, location: 2F
2-2: Grounds into double play, 6-4-3 (Groundball, 6)
Bottom of the 8th over - 0 run(s), 1 hit(s), 0 error(s), 0 left on base; Tuscaloosa 2 - Waba 1
TOP OF THE 9TH
Tuscaloosa Trout Slayers batting - Pitching for Waba Ducks : RHP John Dickson
Pitching: RHP Bartolo Romo
Batting: LHB Robert Phillips 0-0: Called Strike
0-1: Ground out 4-3 (Groundball, 4)
Batting: LHB António Cedeño 0-0: Called Strike
0-1: Ball
1-1: Ball
2-1: SOLO HOME RUN (Flyball, 8LXD), Distance : 435 ft
Batting: RHB Ben Morton 0-0: Called Strike
0-1: Ball
1-1: Called Strike
1-2: Ground out 6-3 (Groundball, 56)
Batting: LHB Marcos Villarreal 0-0: Called Strike
0-1: Fly out, F7 (Flyball, 7S)
Top of the 9th over - 1 run(s), 1 hit(s), 0 error(s), 0 left on base; Tuscaloosa 3 - Waba 1
BOTTOM OF THE 9TH
Waba Ducks batting - Pitching for Tuscaloosa Trout Slayers : RHP Matt McGinnity
Pitching: RHP John Charles
Now in LF: Kurt Walter
Batting: RHB Pedro Molina 0-0: Ball
1-0: SINGLE (Flyball, 89S)
Batting: RHB Mario López 0-0: Ball
1-0: Ball
2-0: Foul Ball, location: 2F
2-1: Ball
3-1: Base on Balls
Pedro Molina to second
Batting: RHB Chris Osborn 0-0: Called Strike
0-1: Fielders Choice at 2nd, 5-4 (Groundball, 56)
Pedro Molina to third
Batting: RHB Paul Spencer 0-0: Swinging Strike
0-1: Ball
1-1: Fly out, F4 (Line Drive, 4)
Batting: RHB Jeremy Flemming 0-0: Ball
1-0: Fielders Choice at 2nd, 5-4 (Groundball, 5)
Bottom of the 9th over - 0 run(s), 1 hit(s), 0 error(s), 1 left on base; Tuscaloosa 3 - Waba 1
Thursday, March 30th, 2017 - OOTP Baseball 17.12 Build 75